Map: Ephemeron LE

Players

Mez - Winner!

  • Race: Terran Terran
  • League: Master
  • Spawn Location: 5:00

Koreshok

  • Race: Zerg Zerg
  • League: Master
  • Spawn Location: 11:00

VOD

Have the link to the VOD?

Description

Time

  • Played on: Aug. 24, 2019, 3:35 p.m.
  • Length: 6:43
Show
View Real Time Build Order
Export as new Build Order

Mez Terran - Winner!

Build Orders: Reaper Expand 

Get SALT Encoding   

  12  0:01  SCV  
  13  0:13  SCV  
  14  0:18  Supply Depot  
  14  0:25  SCV  
  15  0:40  Barracks, SCV  
  16  0:44  Refinery  
  16  0:52  SCV  
  17  1:04  SCV  
  18  1:16  SCV  
  19  1:28  Orbital Command, Reaper  
  20  1:41  Command Center  
  20  1:50  Supply Depot  
  20  1:54  SCV  
  20  2:00  Marine  
  22  2:06  SCV  
  23  2:14  Factory  
  23  2:19  SCV  
  23  2:21  Refinery  
  24  2:24  Barracks Reactor  
  24  2:41  SCV  
  25  3:00  SCV, Orbital Command  
  25  3:05  Starport  
  25  3:10  Hellion x2  
  25  3:12  SCV  
  30  3:14  Barracks Tech Lab  
  29  3:24  SCV  
  29  3:26  SCV  
  31  3:28  Supply Depot  
  31  3:31  Hellion  
  31  3:32  Hellion  
  31  3:33  Marine  
  36  3:40  SCV x2  
  38  3:42  Viking  
  40  3:52  SCV x2  
  40  3:53  Stimpack, Supply Depot  
  42  4:04  SCV  
  42  4:05  SCV  
  42  4:09  Barracks  
  44  4:11  Barracks  
  44  4:12  Marine  
  44  4:13  Starport Reactor  
  44  4:14  Factory Reactor  
  45  4:26  SCV x2  
  45  4:29  Marine  
  48  4:35  Command Center  
  49  4:38  SCV x2  
  49  4:45  Supply Depot  
  50  4:51  Marine, SCV x2  
  53  4:55  Medivac x2  
  53  4:56  Marine  
  53  4:57  Marine  
  59  5:01  Factory Tech Lab  
  59  5:05  SCV x2  
  59  5:06  Marine x2  
  63  5:09  Marine  
  64  5:14  Marine  
  64  5:18  SCV x2  
  64  5:19  Marine  
  68  5:24  Marine x2  
  70  5:43  SCV x2  
  70  5:45  Siege Tank  
  70  5:47  Marine x3  
  69  5:55  Medivac x2  
  68  6:14  Orbital Command  
  68  6:19  Refinery  
  68  6:21  Refinery  
  71  6:30  Barracks  
  71  6:32  Barracks  
  71  6:33  Engineering Bay  
  71  6:35  Engineering Bay  
Show
View Real Time Build Order
Export as new Build Order

Koreshok Zerg 

Build Orders: Hatch First 

Get SALT Encoding   

  12  0:02  Drone  
  13  0:12  Overlord  
  13  0:16  Drone  
  14  0:30  Drone x2  
  16  0:48  Hatchery  
  15  0:51  Drone  
  15  0:55  Drone  
  17  0:58  Drone  
  18  1:09  Extractor  
  17  1:15  Spawning Pool  
  17  1:17  Drone  
  17  1:20  Drone  
  18  1:28  Drone  
  19  1:39  Drone  
  20  1:50  Drone  
  21  2:01  Queen x2  
  21  2:02  Zergling x4  
  27  2:10  Metabolic Boost  
  27  2:11  Overlord  
  27  2:16  Drone  
  28  2:25  Overlord  
  28  2:45  Extractor  
  28  2:47  Extractor  
  28  2:48  Drone x5  
  28  2:49  Pneumatized Carapace  
  30  2:54  Drone  
  30  2:57  Spore Crawler  
  32  3:05  Drone  
  34  3:07  Drone  
  34  3:11  Drone  
  36  3:13  Drone x2  
  36  3:16  Hatchery  
  37  3:20  Drone  
  37  3:21  Drone  
  37  3:26  Queen  
  41  3:31  Overlord  
  41  3:33  Drone  
  42  3:35  Drone  
  42  3:37  Drone  
  42  3:41  Roach Warren  
  43  3:43  Extractor  
  43  3:45  Overlord  
  42  3:53  Drone x4  
  46  3:59  Overlord  
  46  4:09  Lair  
  46  4:12  Drone  
  46  4:13  Drone  
  46  4:14  Drone x3, Extractor  
  46  4:16  Overlord  
  50  4:20  Drone x3  
  53  4:40  Drone  
  53  4:41  Roach x4  
  62  4:49  Roach x2  
  62  4:50  Overlord  
  66  5:00  Overlord x3  
  66  5:10  Ravager x4  
  66  5:12  Ravager  
  66  5:13  Zergling x6  
  74  5:16  Overlord x3  
  73  5:21  Zergling x2  
  73  5:22  Zergling x4  
  68  5:38  Zergling x20  
  73  5:43  Queen x2, Drone  
  75  5:50  Ravager  
  75  5:51  Zergling x6  
  72  6:04  Roach x3  
  67  6:12  Roach  
  67  6:13  Roach x2  
Tags
 
Add a new tag
Caveats
  • Supply blocks, unpowered buildings, or Contaminate may cause inaccurate times.
  • Supply counts are checked every 10 seconds.